 Dungeon Crawl Stone Soup version 0.30-a0-802-gb92711bcdf (webtiles) character file.

Game seed: 16552852908627967823

251706 dolemite99 the Warrior (level 19, -31/181 (183) HPs)
             Began as a Troll Chaos Knight on Feb 24, 2023.
             Was a Follower of Okawaru.
             Killed from afar by a frost giant (33 damage)
             ... with a bolt of cold
             ... on level 1 of the Vaults.
             The game lasted 01:15:54 (36155 turns).

dolemite99 the Warrior (Troll Chaos Knight)        Turns: 36155, Time: 01:15:55

HP:   -31/181 (183) AC: 27    Str: 35 (36) XL:     19   Next: 33%
MP:   24/24         EV: 12    Int: 11 (12) God:    Okawaru [*.....]
Gold: 76            SH: 27    Dex: 12 (13) Spells: 15/18 levels left

rFire   + . .      SeeInvis +      - Unarmed
rCold   . . .      Faith    +    x - +7 tower shield of Lojul {Int+2 Dex+4}
rNeg    . . .      Spirit   .    e - +6 acid dragon scales
rPois   +          Reflect  .    H - +2 hat
rElec   +          Harm     .    k - +0 cloak "Zaigum" {rElec rPois Str+5 Int+2}
rCorr   +          Rampage  .    (gloves unavailable)
Will    ++...                    (boots unavailable)
Stlth   ++                       y - amulet of faith
HPRegen 1.30/turn                A - ring of protection from fire
MPRegen 0.19/turn                J - ring of willpower

@: heroic, on berserk cooldown, slowed, constricted, lightly drained, very slow
A: large, unfitting armour, claws 3, regeneration 1, shaggy fur 1, tough skin 1,
iridescent scales 3, see invisible, deterioration 1, frail 1, high MP 1
}: 1/15 runes: serpentine
a: Renounce Religion, Heroism


You were on level 1 of the Vaults.
You worshipped Okawaru.
Okawaru was aware of your devotion.
You visited 7 branches of the dungeon, and saw 34 of its levels.
You also visited: Bailey.

You collected 3185 gold pieces.
You spent 3109 gold pieces at shops.

Inventory:

Missiles
 w - 30 poisoned darts
 G - 2 throwing nets
 R - 8 curare-tipped darts
Armour
 e - +6 acid dragon scales (worn)
 k - the +0 cloak "Zaigum" (worn) {rElec rPois Str+5 Int+2}
   (You bought it in a shop on level 10 of the Dungeon)

   Str:       It affects your strength (+5).
   Int:       It affects your intelligence (+2).
   rElec:     It insulates you from electricity.
   rPois:     It protects you from poison.
 x - the +7 tower shield of Lojul (worn) {Int+2 Dex+4}
   (You acquired it on level 2 of the Swamp)

   Int:       It affects your intelligence (+2).
   Dex:       It affects your dexterity (+4).
 H - a +2 hat (worn)
Jewellery
 n - a +6 ring of dexterity
 t - a ring of fire
 y - an amulet of faith (around neck)
 A - a ring of protection from fire (left claw)
 I - a ring of ice
 J - a ring of willpower (right claw)
 P - a +6 ring of intelligence
 V - a ring of see invisible
Wands
 a - a wand of digging (16)
 h - a wand of flame (41)
 m - a wand of roots (10) (quivered)
 F - a wand of mindburst (10)
 T - a wand of polymorph (4)
 Y - a wand of light (20)
Scrolls
 c - 6 scrolls of vulnerability
 g - 8 scrolls of teleportation
 i - 9 scrolls of poison
 o - 11 scrolls of noise
 v - 3 scrolls of enchant armour
 B - 7 scrolls of fog
 L - 5 scrolls of fear
 M - 4 scrolls of blinking
 N - 5 scrolls of silence
 O - 5 scrolls of enchant weapon
 S - 12 scrolls of identify {@r1}
Potions
 d - 6 potions of attraction
 f - 4 potions of cancellation
 j - 2 potions of ambrosia
 l - 18 potions of curing
 p - 6 potions of heal wounds
 q - 3 potions of flight
 r - 7 potions of lignification
 s - 6 potions of brilliance
 u - 4 potions of resistance
 z - 3 potions of haste
 C - 2 potions of magic
 W - 3 potions of might
 X - 2 potions of berserk rage
Miscellaneous
 b - a piece from Xom's chessboard (15/15)
 U - a lightning rod (4/4)


   Skills:
 - Level 16.1(21.1) Fighting
 - Level 15.3(20.3) Throwing
 - Level 9.0(14.0) Armour
 - Level 12.7(17.7) Dodging
 + Level 13.7(18.7) Shields
 - Level 14.2(19.2) Unarmed Combat
 - Level 5.8 Invocations


You had 15 spell levels left.
You knew the following spells:

 Your Spells              Type           Power      Damage    Failure   Level
a - Mephitic Cloud        Conj/Pois/Air  0%         N/A       93%         3

Your spell library contained the following spells:

 Spells                   Type           Power      Damage    Failure   Level
 Beastly Appendage        Tmut           0%         N/A       61%         1
 Foxfire                  Conj/Fire      0%         2x1d4     61%         1
 Magic Dart               Conj           0%         1d3       61%         1
 Sandblast                Erth           0%         2d4       61%         1
 Cigotuvi's Dreadful Rot  Necr/Pois/Air  0%         N/A       75%         2
 Lesser Beckoning         Tloc           0%         N/A       75%         2
 Momentum Strike          Conj/Tloc      0%         3d8       75%         2
 Passwall                 Tmut/Erth      0%         N/A       75%         2
 Poisonous Vapours        Pois/Air       0%         N/A       75%         2
 Searing Ray              Conj           0%         2d4       75%         2
 Sublimation of Blood     Necr           0%         N/A       75%         2
 Wereblood                Tmut           0%         N/A       75%         2
 Dazzling Flash           Conj/Hex       0%         N/A       93%         3
 Gell's Gravitas          Tloc           0%         N/A       93%         3
 Inner Flame              Hex/Fire       0%         N/A       93%         3
 Spider Form              Tmut/Pois      0%         N/A       93%         3
 Stone Arrow              Conj/Erth      0%         3d7       93%         3
 Teleport Other           Tloc           0%         N/A       93%         3
 Cause Fear               Hex            0%         N/A       100%        4
 Dispel Undead            Necr           0%         3d6       100%        4
 Fulminant Prism          Conj/Hex       0%         3d5       100%        4
 Iskenderun's Mystic Bla  Conj/Tloc      0%         2d3       100%        4
 Leda's Liquefaction      Hex/Erth       0%         N/A       100%        4
 Passage of Golubria      Tloc           0%         N/A       100%        4
 Petrify                  Tmut/Erth      0%         N/A       100%        4
 Fireball                 Conj/Fire      0%         3d3       100%        5
 Irradiate                Conj/Tmut      0%         3d11      100%        5
 Lee's Rapid Deconstruct  Erth           0%         3d4*      100%        5
 Silence                  Hex/Air        0%         N/A       100%        5
 Yara's Violent Unravell  Hex/Tmut       0%         3d3       100%        5
 Starburst                Conj/Fire      0%         6d3       100%        6
 Statue Form              Tmut/Erth      0%         N/A       100%        6
 Dragon Form              Tmut           0%         N/A       100%        7
 Discord                  Hex            0%         N/A       100%        8
 Lehudib's Crystal Spear  Conj/Erth      0%         10d2      100%        8
 Tukima's Dance           Hex            Unusable   N/A       N/A         3
 Summon Lightning Spire   Summ/Air       Unusable   N/A       N/A         4
 Death Channel            Necr           Unusable   N/A       N/A         6
 Haunt                    Necr/Summ      Unusable   N/A       N/A         7
 Dragon's Call            Summ           Unusable   N/A       N/A         9

Dungeon Overview and Level Annotations

Branches:
Dungeon (15/15)            Temple (0/1) D:5            Lair (5/5) D:8
  Swamp (4/4) Lair:3        Snake (4/4) Lair:3        Slime (0/5) Lair:4
    Orc (2/2) D:11            Elf (3/3) Orc:2        Vaults (1/5) D:13
 Depths (0/4) D:15         Bailey (visited)

Altars:
Ashenzari
Elyvilon
Gozag
Hepliaklqana
Makhleb
Nemelex Xobeh
Okawaru
Qazlal
Ru
Sif Muna
Trog
Wu Jian
Xom
Yredelemnul
Zin
The Shining One
Jiyva

Shops:
D:4 ?   D:7 :   D:10 *   Orc:2 *=![?   Elf:2 ?   Snake:1 *=::   Snake:4 [

Portals:
Pandemonium: Orc:2

Annotations:
Elf:2 3 runed translucent doors


Innate Abilities, Weirdness & Mutations

You are too large for most types of armour.
You have claws for hands.
Your natural rate of healing is unusually fast.
You are covered in fur. (AC +1)
You have tough skin. (AC +1)
You are completely covered in iridescent scales. (AC +6)
You have supernaturally acute eyesight. (SInv)
Your body sometimes deteriorates upon taking damage.
You are frail. (-10% HP)
You have an increased reservoir of magic. (+10% MP)


Message History

The fire giant is almost dead.
You claw the tentacled monstrosity!
The tentacled monstrosity is severely wounded.
The ironbound convoker points at the ironbound convoker and mumbles some strange words.
The ironbound convoker seems to grow stronger.
The frost giant points at you and mumbles some strange words.
The bolt of cold misses you.
You block the tentacled monstrosity's attack.
The tentacled monstrosity closely misses you.
You block the tentacled monstrosity's attack.
The tentacled monstrosity constricts you.
An ironbound preserver comes into view. It is wielding a +0 flail.
The fire giant casts a spell at you. The bolt of fire hits you! You resist.
* * * LOW HITPOINT WARNING * * *
You scratch the tentacled monstrosity.
The tentacled monstrosity is severely wounded.
The ironbound convoker points at the deep troll and mumbles some strange words.
The deep troll seems to grow stronger.
The frost giant hits you with a +0 battleaxe of freezing!
* * * LOW HITPOINT WARNING * * *
The frost giant freezes you.
* * * LOW HITPOINT WARNING * * *
The tentacled monstrosity closely misses you.
You block the tentacled monstrosity's attack.
The tentacled monstrosity tentacle-slaps you but does no damage.
The tentacled monstrosity constricts you!
* * * LOW HITPOINT WARNING * * *
You block the fire giant's attack.
The tentacled monstrosity's grasp on you weakens, but your attempt to escape fails.
Unknown command.
The tentacled monstrosity's grasp on you weakens, but your attempt to escape fails.
You feel a strong urge to attack something.
You are no longer berserk.
You are exhausted.
You feel yourself slow down.
The frost giant points at you and mumbles some strange words.
The bolt of cold hits you!!
You die...
Xom guffaws!

#.. #.. #.. #### . #...
... #...
##+'############## #...
......(.ppX).....# #...
....(pT.ppC@.....# #...
###########C####+# #...
...#....# #...
.....#....# #...
#######'#### #...
...........# #...
........)..# ####
####################''#
#
...........).......)..#
#


You could see a tentacled monstrosity (sheltered), 2 ironbound preservers, a
frost giant (sheltered), a fire giant, a deep troll (strong), a vault sentinel
(strong, sheltered) and 2 ironbound convokers.

Vanquished Creatures
  Jorgrun (D:14)
  A tentacled monstrosity (Swamp:3)
  Asterion (Elf:1)
  Gastronok (D:8)
  Kirke (D:15)
  A tengu reaver (Vaults:1)
  A thorn hunter (Swamp:3)
  4 nagarajas (Snake:4)
  Roxanne (Swamp:3)
  Donald (Swamp:4)
  A fire giant (Vaults:1)
  Aizul (Swamp:3)
  2 vault wardens (Vaults:1)
  A deep elf sorcerer (Elf:1)
  An orc warlord (Vaults:1)
  2 angels (Vaults:1)
  4 ironbound preservers (Vaults:1)
  A war gargoyle (Vaults:1)
  An ironbound thunderhulk (Vaults:1)
  3 bunyips
  3 eleionomae
  A deep elf annihilator (Elf:3)
  Azrael (Orc:2)
  9 dire elephants
  A crystal guardian (Vaults:1)
  A deep elf high priest (Elf:3)
  A yaktaur captain (Vaults:1)
  An entropy weaver (Vaults:1)
  3 ettins
  Fannar (Orc:1)
  A great orb of eyes (Vaults:1)
  2 salamander tyrants
  12 hydras
  A peacekeeper (Vaults:1)
  An ice dragon (Vaults:1)
  3 ghost crabs
  11 vault guards
  4 boulder beetles
  2 ogre magi
  A catoblepas (D:9)
  2 demonspawn (Orc:2)
  10 alligators
  An ironbound frostheart (Vaults:1)
  5 centaur warriors
  5 two-headed ogres
  14 death yaks
  12 anacondas
  13 dancing weapons
  15 naga warriors
  2 tengu warriors
  17 naga sharpshooters
  5 orc high priests (Orc:2)
  Urug (Orc:1)
  A skyshark (Lair:5)
  3 shock serpents
  5 deep elf knights
  A sixfirhy (Orc:2)
  A spectral death yak (Lair:5)
  A skeletal warrior (D:13)
  Amaemon (D:8)
  5 salamander mystics (Snake:4)
  3 goliath frogs
  12 deep trolls (Vaults:1)
  2 spriggan druids (Swamp:2)
  A spectral anaconda (Lair:5)
  10 naga ritualists
  2 swamp dragons
  3 bog bodies
  A glowing orange brain (Vaults:1)
  An obsidian statue (Lair:5)
  2 lindwurms (Vaults:1)
  A wizard (D:14)
  8 deep elf archers
  9 orc knights
  22 deep elf zephyrmancers
  A harpy (shapeshifter) (Vaults:1)
  4 necromancers
  2 cyclopes
  9 orc sorcerers
  16 mana vipers
  27 deep elf pyromancers
  3 manticores
  9 ugly things
  4 will-o-the-wisps
  24 salamanders
  15 naga magi
  31 black mambas
  A vault sentinel (Vaults:1)
  14 elephants (Lair:5)
  Maurice (D:8)
  3 guardian serpents
  A rust devil (Orc:2)
  2 centaur zombies (D:15)
  7 cane toads
  2 dire elephant zombies (Lair:5)
  A cane toad (shapeshifter) (Vaults:1)
  2 orange demons
  4 rime drakes
  A centaur skeleton (D:15)
  2 gargoyles
  An unseen horror (D:11)
  10 komodo dragons
  3 efreet (D:13)
  An ice devil (Orc:2)
  3 polar bears
  11 trolls
  3 meliai (D:15)
  8 tyrant leeches
  26 blink frogs
  Grinder (D:3)
  2 hornets
  A spectral elephant (Lair:5)
  2 dream sheep (D:10)
  8 slime creatures
  2 air elementals
  A centaur simulacrum (D:15)
  2 spriggans
  A shadow (D:10)
  3 wraiths
  3 vampires
  5 wyverns
  3 water elementals
  2 basilisks
  33 yaks
  3 fire elementals
  3 hogs (D:15)
  4 steam dragons
  10 vampire mosquitoes
  44 nagas
  8 water moccasins
  19 swamp worms
  9 wargs
  4 hell hounds
  5 acid dragons
  2 swamp drakes
  3 ice beasts
  32 orc warriors
  A sky beast (D:7)
  2 black bears
  2 elephant zombies (Lair:5)
  9 ogres
  30 wolves
  13 centaurs
  3 kobold brigands
  14 bullfrogs
  2 gnoll sergeants
  2 necrophages (D:6)
  3 scorpions
  An earth elemental (Elf:1)
  3 jellies
  A cane toad simulacrum (Lair:5)
  5 wights (D:8)
  4 killer bees (D:8)
  2 howler monkeys (D:6)
  9 electric eels
  A crimson imp (D:5)
  5 hounds
  30 orc priests
  Crazy Yiuf (D:4)
  2 iguanas (D:5)
  Jessica (D:3)
  18 orc wizards
  12 gnolls
  10 adders
  3 shadow imps
  A white imp (D:5)
  2 worms
  2 dart slugs
  73 orcs
  11 endoplasms
  7 giant cockroaches
  14 goblins
  8 hobgoblins
  3 jackals (D:1)
  27 kobolds
  3 quokkas
  6 ball pythons
  2 bats (D:1)
  2 frilled lizards
  6 rats
1110 creatures vanquished.

Vanquished Creatures (others)
  Nikola (Elf:1)
  A salamander tyrant (Snake:4)
  2 deep elf knights
  2 bloated husks
  4 orcs
  3 kobolds (D:7)
  18 foxfires
  23 fungi
  40 plants
  17 withered plants (Lair:5)
111 creatures vanquished.

Grand Total: 1221 creatures vanquished

Notes
Turn   | Place    | Note
-------+----------+-------------------------------------------
     0 | D:1      | dolemite99 the Troll Chaos Knight began the quest for the
                  | Orb.
     0 | D:1      | Reached XP level 1. HP: 22/22 MP: 0/0
   175 | D:1      | Reached XP level 2. HP: 29/29 MP: 1/1
   263 | D:1      | Found a faded altar of an unknown god.
   382 | D:1      | XOM: silly message
   445 | D:1      | Prayed at the altar of an unknown god.
   445 | D:1      | Fell from the grace of Xom
   445 | D:1      | Became a worshipper of Warmaster Okawaru
   445 | D:1      | Reached * piety under Okawaru
   671 | D:1      | Reached XP level 3. HP: 36/36 MP: 2/2
  1009 | D:2      | Reached skill level 1 in Invocations
  1142 | D:2      | Reached XP level 4. HP: 44/44 MP: 4/4
  1563 | D:3      | Noticed Jessica
  1568 | D:3      | Killed Jessica
  1838 | D:3      | Noticed Grinder
  1849 | D:3      | Found a sparkling altar of Nemelex Xobeh.
  1849 | D:3      | Paralysed by Grinder for 3 turns
  1856 | D:3      | Killed Grinder
  1856 | D:3      | Reached ** piety under Okawaru
  1857 | D:3      | Reached skill level 5 in Unarmed Combat
  1857 | D:3      | Reached XP level 5. HP: 28/50 MP: 4/6
  1857 | D:3      | Reached XP level 6. HP: 33/59 MP: 4/7
  2073 | D:3      | XOM: give mutations
  2073 | D:3      | Gained mutation: You are partially covered in iridescent
                  | scales. (AC +2) [Xom's mischief]
  2073 | D:3      | Gained mutation: Armour fits poorly on your strangely
                  | shaped body. [Xom's mischief]
  2073 | D:3      | Gained mutation: You are frail. (-10% HP) [Xom's mischief]
  2073 | D:3      | Gained mutation: You occasionally lose the ability to drink
                  | potions when taking damage. [Xom's mischief]
  2692 | D:4      | Found a shimmering altar of Xom.
  2773 | D:4      | XOM: give mutations
  2773 | D:4      | Gained mutation: You have an increased reservoir of magic.
                  | (+10% MP) [Xom's grace]
  2773 | D:4      | Gained mutation: You have supernaturally acute eyesight.
                  | (SInv) [Xom's grace]
  2773 | D:4      | Gained mutation: You are mostly covered in iridescent
                  | scales. (AC +4) [Xom's grace]
  2773 | D:4      | Gained mutation: You are agile. (Dex +4, Str/Int -1) [Xom's
                  | grace]
  2786 | D:4      | Found a runed translucent door.
  2787 | D:4      | Noticed Crazy Yiuf
  2815 | D:4      | Found Faxoku's Magic Scroll Emporium.
  2937 | D:4      | XOM: noise
  3042 | D:4      | Found a bloodstained altar of Trog.
  3042 | D:4      | Found an iron altar of Okawaru.
  3166 | D:4      | Found an ornate altar of the Wu Jian Council.
  3496 | D:4      | Killed Crazy Yiuf
  3497 | D:4      | Reached XP level 7. HP: 59/59 MP: 7/10
  3547 | D:5      | Entered Level 5 of the Dungeon
  3651 | D:5      | Found a white marble altar of Elyvilon.
  3680 | D:5      | Reached skill level 5 in Invocations
  3726 | D:5      | Reached XP level 8. HP: 55/66 MP: 9/12
  3958 | D:5      | Found a staircase to the Ecumenical Temple.
  4182 | D:5      | Found a basalt altar of Yredelemnul.
  4271 | D:5      | Found a sacrificial altar of Ru.
  4306 | D:5      | XOM: noise
  4449 | D:6      | Reached skill level 1 in Shields
  4524 | D:6      | XOM: 1-stop teleportation journey
  4537 | D:6      | XOM: 4-stop teleportation journey
  4943 | D:6      | XOM: give mutation
  4943 | D:6      | Gained mutation: You are completely covered in iridescent
                  | scales. (AC +6) [Xom's mischief]
  4953 | D:6      | Reached skill level 5 in Shields
  5177 | D:6      | Found a shimmering blue altar of Sif Muna.
  5378 | D:7      | XOM: summons 1 hostile demon
  5399 | D:7      | Found a flagged portal.
  5416 | Bailey   | Entered a bailey
  5421 | Bailey   | Noticed an orc warlord
  5641 | Bailey   | Noticed an orc knight
  5754 | D:7      | Reached skill level 1 in Throwing
  5768 | D:7      | Reached XP level 9. HP: 57/72 MP: 13/13
  5886 | D:7      | Found Plog's Self-Improvement Boutique.
  5914 | D:7      | Found a hazy altar of Hepliaklqana.
  5922 | D:7      | Found a burning altar of Makhleb.
  6176 | D:8      | Reached skill level 5 in Throwing
  6192 | D:8      | Reached *** piety under Okawaru
  6322 | D:8      | Reached XP level 10. HP: 76/79 MP: 14/14
  6484 | D:8      | Found a staircase to the Lair.
  6693 | D:8      | Noticed Amaemon
  6693 | D:8      | Noticed an orange demon
  6708 | D:8      | Killed Amaemon
  6714 | D:8      | Killed an orange demon
  6783 | D:8      | Noticed Gastronok
  6805 | D:8      | XOM: noise
  6806 | D:8      | Killed Gastronok
  6806 | D:8      | Received a gift from Okawaru
  6806 | D:8      | Reached **** piety under Okawaru
  6807 | D:8      | Reached skill level 10 in Throwing
  6853 | D:8      | XOM: silly message
  6874 | D:8      | Found an opulent altar of Gozag.
  6944 | D:8      | Noticed Maurice
  6966 | D:8      | Killed Maurice
  6966 | D:8      | Received a gift from Okawaru
  6967 | D:8      | Reached skill level 3 in Fighting
  6987 | D:8      | Found a stormy altar of Qazlal.
  7265 | D:9      | XOM: silly message
  7341 | D:9      | XOM: noise
  7420 | D:9      | Received a gift from Okawaru
  7441 | D:9      | Identified a scroll of acquirement
  7441 | D:9      | Acquired 421 gold pieces
  7451 | D:9      | Reached XP level 11. HP: 81/88 MP: 12/15
  7462 | D:9      | Reached skill level 4 in Fighting
  7555 | D:9      | Noticed a catoblepas
  7726 | D:9      | Killed a catoblepas
  7777 | D:9      | XOM: divination: magic mapping
  7925 | D:9      | Found a broken altar of Ashenzari.
  7975 | D:9      | XOM: silly message
  8034 | D:10     | Entered Level 10 of the Dungeon
  8051 | D:10     | Noticed a two-headed ogre
  8067 | D:10     | Killed a two-headed ogre
  8068 | D:10     | Reached skill level 5 in Fighting
  8092 | D:10     | XOM: silly message
  8493 | D:10     | Found Weshra's Assorted Antiques.
  8502 | D:10     | Bought a transparent cloak for 294 gold pieces
  8502 | D:10     | Identified the +0 cloak "Zaigum" {rElec rPois Str+5 Int+2}
                  | (You bought it in a shop on level 10 of the Dungeon)
  8525 | D:10     | Bought a scroll labelled AMMESK RUBAOF for 31 gold pieces
  8525 | D:10     | Bought a fizzy puce potion for 27 gold pieces
  8525 | D:10     | Bought a twisted soapstone amulet for 155 gold pieces
  8525 | D:10     | Bought a scroll of identify for 62 gold pieces
  8525 | D:10     | Bought a scroll of identify for 62 gold pieces
  8709 | D:10     | Reached skill level 1 in Armour
  8723 | D:10     | Noticed a two-headed hydra
  8761 | D:11     | XOM: 1-stop teleportation journey
  8769 | D:11     | Noticed a cyan ugly thing
  8784 | D:11     | Killed a cyan ugly thing
  8861 | D:11     | Noticed a boulder beetle
  8870 | D:11     | Killed a boulder beetle
  8977 | D:11     | Reached skill level 5 in Armour
  9027 | D:11     | Found a staircase to the Orcish Mines.
  9454 | Lair:1   | Entered Level 1 of the Lair of Beasts
  9466 | Lair:1   | Reached XP level 12. HP: 99/99 MP: 16/16
  9588 | Lair:1   | Received a gift from Okawaru
  9646 | Lair:1   | XOM: polymorph bullfrog -> ice beast
  9798 | Lair:1   | XOM: scenery: summon butterflies
  9901 | Lair:1   | Received a gift from Okawaru
 10189 | Lair:2   | Received a gift from Okawaru
 10520 | Lair:2   | Noticed a death yak
 10521 | Lair:2   | Noticed a death yak
 10521 | Lair:2   | Noticed a death yak
 10560 | Lair:2   | Killed a death yak
 10595 | Lair:2   | Noticed a death yak
 10597 | Lair:2   | Noticed a death yak
 10625 | Lair:2   | Killed a death yak
 10625 | Lair:2   | Received a gift from Okawaru
 10672 | Lair:2   | Killed a death yak
 10677 | Lair:2   | Killed a death yak
 10685 | Lair:2   | Killed a death yak
 10740 | Lair:2   | Reached skill level 6 in Fighting
 11189 | Lair:3   | Received a gift from Okawaru
 11201 | Lair:3   | XOM: 3-stop teleportation journey
 11280 | Lair:3   | Found a staircase to the Swamp.
 11307 | Lair:3   | XOM: 3-stop teleportation journey
 11307 | Lair:3   | Was forgiven by Xom
 11702 | Lair:3   | Reached XP level 13. HP: 89/110 MP: 12/18
 11721 | Lair:3   | Found a staircase to the Snake Pit.
 12257 | Lair:3   | Received a gift from Okawaru
 12310 | Lair:3   | Reached skill level 7 in Fighting
 12439 | Lair:3   | Received a gift from Okawaru
 12632 | Lair:4   | Received a gift from Okawaru
 12693 | Lair:4   | Reached skill level 10 in Unarmed Combat
 13003 | Lair:4   | Received a gift from Okawaru
 13252 | Lair:4   | Reached skill level 8 in Fighting
 13300 | Lair:4   | Found a viscous altar of Jiyva.
 13300 | Lair:4   | Found a staircase to the Slime Pits.
 13576 | Lair:5   | Entered Level 5 of the Lair of Beasts
 13636 | Lair:5   | Received a gift from Okawaru
 13672 | Lair:5   | Received a gift from Okawaru
 14030 | Lair:5   | Reached XP level 14. HP: 123/123 MP: 19/19
 14587 | Lair:5   | Reached skill level 9 in Fighting
 16097 | Orc:1    | Entered Level 1 of the Orcish Mines
 16097 | Orc:1    | Noticed Urug
 16142 | Orc:1    | Reached skill level 10 in Fighting
 16147 | Orc:1    | Killed Urug
 16159 | Orc:1    | Noticed Fannar
 16168 | Orc:1    | Killed Fannar
 16351 | Orc:1    | Received a gift from Okawaru
 16634 | Orc:2    | Entered Level 2 of the Orcish Mines
 16948 | Orc:2    | Found Qacel's Distillery.
 16978 | Orc:2    | Found Tesagi's General Store.
 17205 | Orc:2    | Found a staircase to the Elven Halls.
 17452 | Orc:2    | Found Vanil's Magic Scroll Boutique.
 17496 | Orc:2    | Noticed Azrael
 17670 | Orc:2    | Killed Azrael
 17685 | Orc:2    | Lost mutation: You are agile. (Dex +4, Str/Int -1) [potion
                  | of mutation]
 17685 | Orc:2    | Lost mutation: Armour fits poorly on your strangely shaped
                  | body. [potion of mutation]
 17685 | Orc:2    | Lost mutation: You occasionally lose the ability to drink
                  | potions when taking damage. [potion of mutation]
 17685 | Orc:2    | Gained mutation: Your body sometimes deteriorates upon
                  | taking damage. [potion of mutation]
 17946 | Orc:2    | Reached skill level 11 in Fighting
 17950 | Orc:2    | Reached XP level 15. HP: 137/137 MP: 18/20
 18305 | Orc:2    | Found Rooberan's Antique Armour Emporium.
 18305 | Orc:2    | Found Hereizeery's Jewellery Shoppe.
 18306 | Orc:2    | Found a one-way gate leading to the halls of Pandemonium.
 18492 | D:7      | Bought a manual of Throwing for 1280 gold pieces
 19574 | D:13     | Found a gate to the Vaults.
 20757 | D:14     | Noticed Jorgrun
 20773 | D:14     | Killed Jorgrun
 21102 | D:14     | Found an iron altar of Okawaru.
 21245 | D:15     | Entered Level 15 of the Dungeon
 21423 | Orc:2    | Bought a scroll of fear for 44 gold pieces
 21423 | Orc:2    | Bought a scroll of poison for 44 gold pieces
 21423 | Orc:2    | Bought a scroll of poison for 44 gold pieces
 21455 | Orc:2    | Bought a potion of curing for 36 gold pieces
 21455 | Orc:2    | Bought a potion of curing for 36 gold pieces
 21455 | Orc:2    | Bought a potion of haste for 120 gold pieces
 21455 | Orc:2    | Bought a potion of berserk rage for 60 gold pieces
 21455 | Orc:2    | Bought a potion of might for 48 gold pieces
 21455 | Orc:2    | Bought a potion of flight for 36 gold pieces
 21861 | D:15     | Reached skill level 15 in Throwing
 22163 | D:15     | Reached skill level 5 in Dodging
 22197 | D:15     | Found a staircase to the Depths.
 22271 | D:15     | Identified the +7 sling of Evolution {flame, Will++ Dex+4}
 22300 | D:15     | Noticed Kirke
 22309 | D:15     | Killed Kirke
 22660 | Orc:2    | Bought a potion of invisibility for 128 gold pieces
 22683 | Elf:1    | Entered Level 1 of the Elven Halls
 22767 | Elf:1    | Noticed Nikola
 22768 | Elf:1    | Reached XP level 16. HP: 111/148 MP: 13/21
 22775 | Elf:1    | Killed Nikola
 22776 | Elf:1    | Reached skill level 12 in Fighting
 23205 | Elf:1    | Identified the +0 kite shield "Beolisaf" {Harm rPois Str+3}
 23205 | Elf:1    | Noticed Asterion
 23232 | Elf:1    | Killed Asterion
 23579 | Elf:1    | Got the Book of Amalgamated Impulse
 24137 | Elf:2    | Reached skill level 13 in Fighting
 24230 | Elf:2    | Found a runed translucent gate.
 24231 | Elf:2    | Found a runed translucent gate.
 24231 | Elf:2    | Found a runed translucent gate.
 24551 | Elf:2    | Found Vivviv's Magic Scroll Shoppe.
 24562 | Elf:3    | Entered Level 3 of the Elven Halls
 25002 | Elf:3    | Paralysed by an air elemental for 1 turns
 25835 | Elf:3    | Noticed a deep elf master archer
 25965 | Orc:2    | Bought a scroll of silence for 152 gold pieces
 26176 | Snake:1  | Entered Level 1 of the Snake Pit
 26402 | Snake:1  | Found Nuvuzov's Book Shop.
 26444 | Snake:1  | Reached XP level 17. HP: 153/161 MP: 6/22
 26600 | Snake:1  | Found Wueffahecs's Jewellery Shoppe.
 26684 | Snake:1  | Found Recrim's Book Shoppe.
 26693 | Snake:1  | Learned a level 3 spell: Mephitic Cloud
 26753 | Snake:1  | Found Quwkya's Assorted Antiques.
 27008 | Snake:2  | Reached skill level 14 in Fighting
 27274 | Snake:2  | Reached skill level 10 in Dodging
 28939 | Snake:4  | Entered Level 4 of the Snake Pit
 29400 | Snake:4  | Reached skill level 15 in Fighting
 29441 | Snake:4  | Found Zezel's Antique Armour Emporium.
 30113 | Snake:4  | Reached XP level 18. HP: 112/173 MP: 16/23
 30720 | Snake:4  | Got a serpentine rune of Zot
 31384 | Swamp:1  | Entered Level 1 of the Swamp
 31745 | Swamp:1  | Reached skill level 16 in Fighting
 32137 | Swamp:2  | Found the +5 Lochaber axe {reach-cleave, Poleaxe Drain}
 32435 | Swamp:2  | Acquired the +7 tower shield of Lojul {Int+2 Dex+4}
 32982 | Swamp:3  | Noticed Aizul
 32993 | Swamp:3  | Killed Aizul
 32997 | Swamp:3  | Reached skill level 10 in Shields
 33136 | Swamp:3  | Noticed a tentacled monstrosity
 33148 | Swamp:3  | Killed a tentacled monstrosity
 33188 | Swamp:3  | Noticed Roxanne
 33214 | Swamp:3  | Killed Roxanne
 33832 | Swamp:4  | Entered Level 4 of the Swamp
 33941 | Swamp:4  | Noticed Donald
 33958 | Swamp:4  | Killed Donald
 34433 | Snake:1  | Bought a ring of protection from fire for 450 gold pieces
 34779 | Vaults:1 | Entered Level 1 of the Vaults
 35062 | Vaults:1 | Found the +27 heavy crossbow "Sniper" {heavy, Acc+∞ SInv}
 35080 | Vaults:1 | Identified the +11 arbalest of Deformation {drain, rElec
                  | rN+}
 35102 | Vaults:1 | Found a crumbling gateway.
 35183 | Vaults:1 | Found a glowing silver altar of Zin.
 35183 | Vaults:1 | Found a glowing golden altar of the Shining One.
 35183 | Vaults:1 | Found a white marble altar of Elyvilon.
 35261 | Vaults:1 | Reached XP level 19. HP: 182/183 MP: 21/24
 36140 | Vaults:1 | Identified the +7 spear of Faxinoipt {drain, rCorr}
 36153 | Vaults:1 | HP: 11/271 [frost giant/+0 battleaxe of freezing (15)]
 36153 | Vaults:1 | HP: 1/271 [constriction (7)]
 36155 | Vaults:1 | Killed from afar by a frost giant

Illustrated notes

Levels and vault maps discovered:
D:1:      giann_horns, layout_loops_corners,
          ebering_ecumenical_altar_sacrificial, st_stairs_2, glass_columns_c
D:2:      layout_rooms
D:3:      layout_basic, marbit_many_paths, small_statue_intersection,
          uniq_jessica, uniq_grinder
D:4:      layout_basic, grunt_temple_overflow_bloody_war, lemuel_crystal_altar,
          nicolae_wu_jian_immortal_techniques, serial_shops,
          kennysheep_mini_moat, uniq_crazy_yiuf_cottage
D:5:      layout_loops_ring, kennysheep_mini, nicolae_ru_the_path_less_chosen,
          elyvilon_altar_5, minmay_temple_entry_arrows, minmay_fire_ice_demons
D:6:      layout_basic, tgw_sif, serial_rivers, chequers_serial_rivers_room_b,
          chequers_serial_rivers_marsh, chequers_serial_rivers_marsh,
          chequers_serial_rivers_large_a, chequers_serial_rivers_small_3,
          kennysheep_potato
D:7:      layout_cave_pools, mainiacjoe_overflow_surrounded_room,
          overflow_temple_1_default, enter_bailey_5, nicolae_shop_self_help
D:8:      layout_basic, mainiacjoe_overflow_cross_hatched,
          mainiacjoe_overflow_24_doors, erik_lair_island,
          nicolae_nh_ransacked_shop, uniq_gastronok, uniq_maurice, uniq_amaemon
D:9:      layout_roguey, lemuel_tele_altar
D:10:     layout_rooms, serial_shops, nicolae_shop_advertising_works
          [nicolae_subvault_shop_adworks], nicolae_kite_square_tiling_tiny,
          minmay_misc_feat_x, hangedman_ranch
D:11:     layout_big_octagon, david_orc_1_choice
D:12:     layout_basic
D:13:     layout_irregular_city, lightli_vaults_fourway_checkpoint,
          portal_ice_cave_entry_pillars_1, hex_large
D:14:     layout_cave_pools, abandoned_shop, kennysheep_okawaru_gauntlet,
          uniq_jorgrun
D:15:     grunt_enter_depths_magical_seal, layout_gridville,
          nicolae_concentric_dashed_squares_wild, uniq_kirke
Lair:1:   layout_concentric_octagons
Lair:2:   layout_cave_pods, chequers_serial_rivers_micro_a
Lair:3:   layout_cave_pods, minmay_swamp_entry_worms, dummy_snake_entry,
          grunt_megastairs_5, serial_bayou_shore_a
Lair:4:   layout_hall_layers, dpeg_slime_entry_enclosed
Lair:5:   due_jungle_book, layout_regular_city
Swamp:1:  layout_basic_swamp, evilmike_swamp_ruin_house_1,
          infiniplex_staircase_pool_2
Swamp:2:  nicolae_swamp_long_stream, layout_basic_swamp,
          nicolae_swamp_decorative_isthmus
Swamp:3:  layout_basic_swamp, evilmike_swamp_ruin_house_5, uniq_aizul,
          uniq_roxanne
Swamp:4:  swamp_alternative, layout_basic_swamp, swamp_pool2, uniq_donald
Snake:1:  layout_rooms, serial_shops, shop, shop, nicolae_shop_hallway_stairs,
          nicolae_shop_trees
Snake:2:  layout_onion_interference, nicolae_snake_slithery_corners
Snake:3:  layout_onion, nicolae_integral_box
Snake:4:  snake_pit, layout_basic, serial_shops, shop, grunt_megastairs_4
Orc:1:    layout_caves, basic_altar, uniq_urug, uniq_fannar
Orc:2:    pf_orc_diabolical, layout_diamond_mine, serial_shops,
          nicolae_shop_statue_plus, nooodl_orcs_dogs, uniq_azrael
Elf:1:    eino_elf_arrival_sip, layout_geoelf_octagon, minmay_elf_sorcery,
          uniq_nikola, uniq_asterion
Elf:2:    nicolae_elf_blades_crystal_corner, layout_loops_corners, serial_shops,
          nicolae_shop_hallway_stairs
Elf:3:    elf_hall, layout_geoelf_octagon
Vaults:1: portal_desolation_entry_holy_temple, grunt_vaults_focal, v_misc_17,
          v_misc_10, vaults_room_hallway, st_greater_box_4, v_misc_30,
          nicolae_vaults_yaktaur_gun_rack, nicolae_vaults_rhombus_5, v_misc_8,
          vaults_room_corners, hangedman_vaults_stretched_pinwheel,
          hangedman_vaults_capsules, vaults_room_pool, layout_vaults_omnicross

Skill      XL: |  1  2  3  4  5  6  7  8  9 10 11 12 13 14 15 16 17 18 19 |
---------------+----------------------------------------------------------+-----
Unarmed Combat | 4 5 6 7 9 11 13 14 | 14.2
Invocations    | 1 3 4 5 |  5.8
Shields        | 5 7 9 12 13 | 13.7
Throwing       | 2 8 10 15 | 15.3
Dodging        | 3 4 5 9 11 12 | 12.7
Fighting       | 3 5 6 8 11 13 15 16 | 16.1
Armour         | 6 8 9 |  9.0

Action                     |  1- 3 |  4- 6 |  7- 9 | 10-12 | 13-15 | 16-18 | 19-21 || total
---------------------------+-------+-------+-------+-------+-------+-------+-------++-------
  Melee: Unarmed           |   100 |   121 |   272 |   476 |   781 |   823 |   116 ||  2689
         Punch             |     3 |     5 |     1 |       |       |       |       ||     9
  Throw: Boomerang         |       |       |    39 |   186 |   433 |   288 |       ||   946
         Large rock        |       |       |       |    13 |    52 |   203 |       ||   268
         Dart              |       |       |       |     3 |    39 |    77 |     1 ||   120
         Javelin           |       |       |       |     2 |       |   131 |    28 ||   161
         Throwing net      |       |       |       |     1 |       |       |       ||     1
 Invoke: Heroism           |       |     1 |    13 |    36 |   105 |   110 |    13 ||   278
  Evoke: Piece from Xom's  |    19 |    14 |       |       |       |       |       ||    33
         Wand              |       |       |       |    15 |    11 |     9 |       ||    35
         Lightning rod     |       |       |       |       |       |    17 |       ||    17
    Use: Scroll            |       |    17 |     4 |    16 |     3 |     8 |     1 ||    49
         Potion            |       |       |     4 |     1 |     7 |    10 |     3 ||    25
   Stab: Paralysed         |     4 |       |       |       |       |       |       ||     4
         Sleeping          |     1 |     2 |     2 |       |       |       |       ||     5
         Invisible         |       |       |     4 |       |       |     1 |       ||     5
         Distracted        |       |       |       |     1 |       |       |       ||     1
 Armour: Robe              |    37 |    50 |    93 |     5 |       |       |       ||   185
         Troll leather arm |       |       |       |    42 |       |       |       ||    42
         Acid dragon scale |       |       |       |   109 |   360 |   319 |    30 ||   818
  Dodge: Dodged            |    56 |    55 |   111 |   216 |   312 |   354 |    37 ||  1141
  Block: Kite shield       |       |       |   100 |   300 |   520 |   433 |       ||  1353
         Reflection        |       |       |       |       |       |    50 |       ||    50
         Tower shield      |       |       |       |       |       |   332 |   126 ||   458

Table legend: (Time is in decaauts)
 A = Elapsed time spent in this place.
 B = Non-inter-level travel time spent in this place.
 C = Inter-level travel time spent in this place.
 D = Time resting spent in this place.
 E = Time spent auto-exploring this place.
 F = Levels seen in this place.
 G = Mean time per level.
                   A        B        C        D        E       F      G
               +--------+--------+--------+--------+--------+-----+--------+
         Total |  35483 |  32569 |   2914 |   3764 |  19310 |  35 | 1013.8 |
       Dungeon |  13848 |  12484 |   1364 |   1159 |   8072 |  15 |  923.2 |
          Lair |   6828 |   6007 |    821 |    521 |   3854 |   5 | 1365.6 |
         Swamp |   2811 |   2722 |     89 |    532 |   1084 |   4 |  702.8 |
     Snake Pit |   4883 |   4733 |    150 |    750 |   2692 |   4 | 1220.8 |
  Orcish Mines |   2400 |   2045 |    355 |    256 |   1123 |   2 | 1200.0 |
   Elven Halls |   3171 |   3037 |    134 |    420 |   1711 |   3 | 1057.0 |
        Vaults |   1285 |   1285 |      0 |    125 |    718 |   1 | 1285.0 |
        Bailey |    255 |    255 |      0 |      0 |     55 |   1 |  255.0 |
               +--------+--------+--------+--------+--------+-----+--------+

Top non-repeatable levels by time:
  Lair:5: 2130 daAuts
 Snake:4: 2033 daAuts
   Orc:2: 1636 daAuts
  Lair:3: 1576 daAuts
  Lair:2: 1372 daAuts
Vaults:1: 1285 daAuts
     D:4: 1278 daAuts
     D:8: 1205 daAuts
    D:11: 1199 daAuts
   Elf:2: 1180 daAuts
    D:12: 1069 daAuts
  Lair:4: 1044 daAuts
   Elf:1: 1006 daAuts
 Swamp:3: 1004 daAuts
 Snake:3: 993 daAuts
